 Dungeon Crawl Stone Soup version 0.30.1-11-g7821555f0a (webtiles) character file.

Game seed: 12420870387894275310

9 mageguru the Magician (level 2, -2/21 HPs)
             Began as a Djinni Fire Elementalist on Nov 14, 2023.
             Slain by a gnoll
             ... wielding a +0 spear
              (4 damage)
             ... on level 1 of the Dungeon.
             The game lasted 00:08:21 (446 turns).

mageguru the Magician (Djinni Fire Elementalist)     Turns: 446, Time: 00:08:22

Health: -2/21      AC:  8    Str:  7    XL:     2   Next: 20%
Gold:   20         EV:  3    Int: 16    God:
                   SH:  0    Dex: 13

rFire   + + .        e - +0 dagger
rCold   x . .        (no shield)
rNeg    . . .        h - +0 chain mail
rPois   ∞            (no helmet)
rElec   .            (no cloak)
rCorr   .            (no gloves)
SInv    .            (boots unavailable)
Will    .....        (no amulet) Stlth
                     (no ring)
HPRegen 0.23/turn    (no ring)
MPRegen 0.00/turn

%: infuse magic (-3 HP)
@: flying
A: sickness immunity, fire resistance 2, cold vulnerability 1, float, innate
caster, HP casting, extra vitality 1
a: no special abilities


You were on level 1 of the Dungeon.
You visited 1 branch of the dungeon, and saw 1 of its levels.

You collected 20 gold pieces.

Inventory:

Hand Weapons
 c - a +0 club
 e - a +0 dagger (weapon)
 f - a +0 hand axe
 i - a +0 short sword
 j - a +0 club
Missiles
 d - 11 stones
Armour
 a - a +0 robe
 h - a +0 chain mail (worn)
Scrolls
 b - a scroll of vulnerability {unknown}
Potions
 g - a potion of mutation {unknown}


   Skills:
 + Level 2.2 Dodging
 + Level 1.7 Stealth
 + Level 2.7 Spellcasting


You knew the following spells:

 Your Spells              Type           Power      Damage    Failure   Level
a - Foxfire               Conj/Fire      44%        2x1d6     100%        1
b - Scorch                Fire           22%        2d6       100%        2
c - Volatile Blastmotes   Fire/Tloc      22%        2d11      100%        3
d - Inner Flame           Hex/Fire       11%        N/A       100%        3
e - Flame Wave            Conj/Fire      11%        2d6       100%        4
Your spell library was empty.


Dungeon Overview and Level Annotations

Branches:
Dungeon (1/15)

Altars:


Innate Abilities, Weirdness & Mutations

You are immune to sickness and miasma.
You are immune to poison.
Your flesh is very heat resistant. (rF++)
You are vulnerable to cold. (rC-)
You float through the air rather than walking.
You learn spells naturally, not from books.
Your magical power is your life essence.
You have superior vitality. (+4 MHP)


Message History

A gnoll comes into view. It is wielding a +0 spear.
The gnoll shouts!
The gnoll hits you from afar with a +0 spear.
Found a stone staircase leading down.
The gnoll hits you with a +0 spear.
You hit the gnoll.
The gnoll is lightly wounded.
The gnoll hits you with a +0 spear.
You hit the gnoll but do no damage.
The gnoll is lightly wounded.
The gnoll barely misses you.
You hit the gnoll but do no damage.
The gnoll is lightly wounded.
The gnoll hits you with a +0 spear.
You hit the gnoll. You punch the gnoll.
The gnoll is heavily wounded.
The gnoll hits you with a +0 spear.
You barely miss the gnoll.
The gnoll is heavily wounded.
The gnoll hits you with a +0 spear.
You barely miss the gnoll.
The gnoll is heavily wounded.
The gnoll hits you with a +0 spear.
* * * LOW HITPOINT WARNING * * *
You hit the gnoll.
The gnoll is heavily wounded.
The gnoll hits you but does no damage.
You closely miss the gnoll.
The gnoll is heavily wounded.
The gnoll hits you but does no damage.
You hit the gnoll but do no damage.
The gnoll is heavily wounded.
The gnoll hits you but does no damage.
You hit the gnoll but do no damage.
The gnoll is heavily wounded.
The gnoll hits you with a +0 spear.
* * * LOW HITPOINT WARNING * * *
You hit the gnoll but do no damage.
The gnoll is heavily wounded.
The gnoll hits you with a +0 spear.
You die...

........#..#.#.#
....#...#....#.#
....#...##.###.# ##
...##..........# .#
...##.#.##.##### .#
..##..#........# .# #
..##..#....#.####.#.#
#...#......# #....#
###...#....#.###@g..#
##..................#
##..#.###########...#
###.................#
###...###########.#.#
..##..##### >#.#
..##......# .# #
...##.....# .#
...##.....#


You could see a gnoll.

Vanquished Creatures
  2 bats (D:1)
  A giant cockroach (D:1)
  A goblin (D:1)
  A hobgoblin (D:1)
  2 kobolds (D:1)
  A rat (D:1)
8 creatures vanquished.

Notes
Turn   | Place    | Note
-------+----------+-------------------------------------------
     0 | D:1      | mageguru the Djinni Fire Elementalist began the quest for
                  | the Orb.
     0 | D:1      | mageguru set off with the following spells memorised:
                  | Foxfire, Scorch, Volatile Blastmotes, Inner Flame, Flame
                  | Wave.
     0 | D:1      | Reached XP level 1. HP: 15/15 MP: 0/0
   286 | D:1      | Reached XP level 2. HP: 21/21 MP: 0/0
   396 | D:1      | Found a faded altar of an unknown god.
   446 | D:1      | Slain by a gnoll

Illustrated notes

Levels and vault maps discovered:
D:1:      heliophobic_arrival_enchanted_forest, layout_basic,
          dilly_ecumenical_altar_fadedgnrine, minmay_misc_feat_x

Action                     || total
---------------------------++-------
  Melee: Dagger            ||    41
         Club              ||    13
         Unarmed           ||     2
         Punch             ||     2
    Use: Potion            ||     1
   Stab: Sleeping          ||     1
 Armour: Chain mail        ||    24
         Robe              ||     1
  Dodge: Dodged            ||    19
